[Event "1st FIDE Olympiad DIS 2023"]
[Site "Belgrade"]
[Date "2023.01.30"]
[Round "1.1"]
[White "Tazbir, Marcin"]
[Black "Kevorkov, Artur"]
[Result "1-0"]
[ECO "C00"]
[WhiteElo "2507"]
[BlackElo "2158"]
[Annotator "TA"]
[PlyCount "83"]
[EventDate "2023.01.30"]
[EventType "team-tourn"]
[EventCountry "SRB"]
[SourceTitle "playchess.com"]
[Source "ChessBase"]
[SourceQuality "1"]
[WhiteTeam "Poland"]
[BlackTeam "Germany"]
[WhiteTeamCountry "POL"]
[BlackTeamCountry "GER"]
[TimeControl "40/5400+30:1800+30"]

1. e4 e6 2. d3 d5 3. Qe2 Be7 4. Nf3 c5 5. g3 Nc6 6. Bg2 {[%emt 0:00:07] C00: French: Unusual White 2nd moves.} dxe4 7. dxe4 e5 $1 8. O-O {[%emt 0:00:58] The position is equal.} Bg4 9. c3 Nf6 10. h3 Bh5 (10... Be6 $11) 11. Na3 O-O 12. Nc4 Qc7 13. Ne3 (13. g4 $5 Bg6 14. Nh4 $14) 13... Rad8 (13... Nxe4 $2 14. Nd5 Nxc3 15. bxc3 $18) 14. Nf5 {[%emt 0:03:45] [#]} Rfe8 $146 ({Predecessor:} 14... Rd7 15. Bg5 Rfd8 16. Bxf6 Bxf6 17. Ne3 Bxf3 18. Qxf3 Ne7 19. Rfd1 Bg5 20. Nd5 Nxd5 21. exd5 {½-½ Stepovaia,T (2414)-Fomina,T (2266) Keres Memorial op 2000 (6)}) 15. g4 Bg6 16. N3h4 Bf8 17. Bg5 (17. Nxg6 {simplifies} hxg6 18. Ne3 a6 19. Bd2) 17... Re6 18. Rad1 a6 19. Nxg6 (19. Ne3 $16) 19... hxg6 $14 20. Ne3 Ne7 21. Nd5 Qc8 22. Bh4 {[%emt 0:02:43] White has more active pieces. The black rooks are badly placed.} b5 23. f4 exf4 24. Nxf4 {[%emt 0:00:25] Rxd8 is the strong threat.} Re5 ({Black should play} 24... Rxd1 $1 $14 25. Rxd1 Re5) 25. Nd3 (25. Rxd8 $16 Qxd8 26. Nd3 {[%mdl 64] Deflection}) 25... Re6 26. e5 $1 c4 {[%emt 0:01:23] [#]} (26... Ned5 $16) 27. Qf3 $2 Rxd3 (27... Nc6 $1 $15 28. exf6 Rxd3 {[%mdl 64] Remove Defender} 29. Rxd3 Ne5 30. fxg7 Nxf3+ 31. Rdxf3 Bxg7 32. Rxf7 Qc5+ 33. Kh1 Qd6) 28. Rxd3 $11 cxd3 29. exf6 gxf6 {[%emt 0:00:13] Strongly threatening ...d2.} 30. Bxf6 {[%emt 0:01:06] A strong pair of Bishops.} (30. Qxd3 $5 f5 31. Bf2 $14) 30... Qd7 31. Rd1 {[%emt 0:14:20] [#]} (31. Bd4 $11 Nc6 32. Qxd3) 31... d2 (31... Nf5 $1 $17 {[%cal Rf5e3] Threatens to win with ...Ne3.} 32. gxf5 Rxf6 33. Qxd3 Qa7+ 34. Kh1 Rxf5) 32. Qf2 $40 {[%emt 0:03:20][%mdl 128] White mounts an attack.} Qd3 ({Black should try} 32... Bh6 $11 33. g5 Bf8) 33. Rxd2 (33. Bg5 {is more complex.} Re1+ 34. Rxe1 dxe1=R+ 35. Qxe1 Nd5 36. Qe5) 33... Qe3 {[%emt 0:01:05][%mdl 8192] Loses the game.} (33... Qb1+ $14 34. Kh2 Nf5) 34. Qxe3 $18 Rxe3 35. Rd8 Re6 36. g5 Nf5 37. b4 Rd6 38. Rxd6 Nxd6 39. Kf2 Nc4 40. Bd5 {[%emt 0:00:28] Hoping for Bxc4.} Nb6 41. Bb7 Na4 42. Ke3 {[%emt 0:00:00] Weighted Error Value: White=0.20 (precise) /Black=0.43} 1-0

[Event "1st FIDE Olympiad DIS 2023"]
[Site "Belgrade"]
[Date "2023.01.30"]
[Round "1.1"]
[White "Sarkar, Justin"]
[Black "Banda Aaron"]
[Result "1-0"]
[ECO "B12"]
[WhiteElo "2345"]
[BlackElo "1901"]
[Annotator "TA"]
[PlyCount "73"]
[EventDate "2023.01.30"]
[EventType "team-tourn"]
[EventCountry "SRB"]
[SourceTitle "playchess.com"]
[Source "ChessBase"]
[SourceQuality "1"]
[WhiteTeam "FIDE"]
[BlackTeam "Zambia"]
[WhiteTeamCountry "USA"]
[BlackTeamCountry "ZAM"]
[TimeControl "40/5400+30:1800+30"]

1. e4 c6 2. d4 d5 3. e5 e6 4. c3 Qb6 5. Nf3 h6 6. Bd3 {[%emt 0:00:53] B12: Caro-Kann: Advance Variation.} Ne7 {[%emt 0:02:54] [#]} 7. h4 $146 ({Predecessor:} 7. a4 a5 8. O-O Nd7 9. Na3 Qc7 10. Nh4 g5 11. Nf3 b6 12. b4 Bb7 13. h3 {1-0 Matiushinsky,V (2029)-Kondrashova,N (1544) Cheliabinsk We Remember 2009}) 7... Na6 8. O-O {[%emt 0:13:13] White is better.} Bd7 ({Black should try} 8... c5 $14) 9. a4 c5 10. a5 Qc6 11. dxc5 {[%emt 0:00:17] White is much more active. The black rooks are badly placed.} Nxc5 12. Bc2 $1 Qc7 {[%emt 0:06:11] White leaves nothing to chance now.} 13. Re1 Nc6 14. Nbd2 Bc8 15. Qe2 (15. b4 Nd7 $14) 15... a6 16. b4 Nd7 17. Nb3 Be7 18. h5 Na7 {[%emt 0:07:13] [#]} (18... b6 $16) 19. Nfd4 $1 $18 Nb8 (19... Qxc3 20. Bd2 Qc7 21. Qg4) (19... Nc6 {was called for.}) 20. Qg4 Bf8 (20... Kf8 {keeps fighting.} 21. f4 Nbc6) 21. Bd2 {[%emt 0:02:23] And now f4 would win.} Nbc6 22. Rac1 Nxd4 23. cxd4 (23. Qxd4 $6 Bd7 $16) (23. Nxd4 Bd7 24. Bd3 Nc6) 23... Nc6 $2 (23... Bd7 {was worth a try.} 24. Bd3 (24. Bg6 Qd8 $16) 24... Qd8) 24. Nc5 Bd7 25. Ba4 Bxc5 26. Qxg7 (26. bxc5 O-O-O 27. Bxc6 (27. Qxg7 Nxd4 28. c6 bxc6 $16) 27... Bxc6 $16) (26. Rxc5 Rh7 27. Bc2 Rh8 $18) (26. dxc5 Kf8 $16) 26... O-O-O 27. Rxc5 {[%emt 0:00:19] aiming for b5.} ({Weaker is} 27. bxc5 Nxd4 28. c6 bxc6 $16) 27... Rdf8 $2 {[%emt 0:03:46] Black is weak on the dark squares} (27... Rdg8 28. Qxf7 Rf8) 28. b5 axb5 29. Bxb5 Kb8 30. Rb1 Ka7 31. a6 b6 {[%emt 0:01:09] [#]} 32. Rxc6 $1 Bxc6 33. Rc1 (33. Bxh6 $2 {is the wrong capture.} Bxb5 34. Rc1 (34. Rxb5 $2 {perishes.} Rfg8 $19) 34... Qe7 $19) 33... Qe7 34. Rxc6 {[%emt 0:01:13][%cal Od2b4] White wants to mate with Bb4!} Rhg8 35. Qf6 Qa3 36. Rc7+ Ka8 37. Bc6+ {[%emt 0:00:24] A cool game by Sarkar.   Weighted Error Value: White=0.12 (very precise) /Black=0.51} (37. Bc1 $142 Qa4 38. Bxa4 Rxg2+ {[%mdl 64] Decoy} 39. Kxg2 Rg8+ 40. Kh2 b5 41. Qe7 Kb8 42. Bxb5 f5 43. a7+ Ka8 44. Bc6#) 1-0

[Event "1st FIDE Olympiad DIS 2023"]
[Site "Belgrade"]
[Date "2023.01.30"]
[Round "1.2"]
[White "Koessler, Wolfgang"]
[Black "Molenda, Marcin"]
[Result "0-1"]
[ECO "B52"]
[WhiteElo "1746"]
[BlackElo "2381"]
[Annotator "TA"]
[PlyCount "44"]
[EventDate "2023.01.30"]
[EventType "team-tourn"]
[EventCountry "SRB"]
[SourceTitle "playchess.com"]
[Source "ChessBase"]
[SourceQuality "1"]
[WhiteTeam "Germany"]
[BlackTeam "Poland"]
[WhiteTeamCountry "GER"]
[BlackTeamCountry "POL"]
[TimeControl "40/5400+30:1800+30"]

1. e4 c5 2. Nf3 d6 3. Bb5+ Bd7 4. Bxd7+ Qxd7 5. d4 cxd4 6. Nxd4 {[%emt 0:00:06] B52: Sicilian: Moscow Variation with 3...Bd7.} Nf6 7. Nc3 e6 8. Be3 {[%emt 0:02:12] White has an edge.} Be7 9. f3 O-O 10. Qd2 a6 {[%emt 0:00:59][%cal Ba7a6,Ba6a5,Ba5b4][%mdl 32] [#]} 11. O-O-O $146 ({Predecessor:} 11. g4 Rd8 12. O-O-O Nc6 13. h4 Ne5 14. Qe2 Rac8 15. h5 Nc4 16. g5 Ne8 17. f4 {1-0 Sanchez Salazar,K (2017)-Ayerra Aizpun,F San Juan op 2008 (4)}) 11... b5 12. a3 ({White should play} 12. Kb1 $11) 12... Nc6 13. Nxc6 (13. g4 $1 $11) 13... Qxc6 $17 14. Rhe1 {[%emt 0:03:10] [#]} a5 $1 15. Qd4 {[%emt 0:14:14] [#]} b4 $1 16. axb4 axb4 17. Nb1 $2 (17. Qxb4 Rfb8 18. Qd4) 17... Rfc8 18. Re2 d5 19. e5 Nd7 20. Qf4 (20. Kd2 $142 Ra2 21. Ke1) 20... Ra1 $19 {[%emt 0:02:53] aiming for ...Qa6.} 21. Bd4 Qa6 22. Kd2 Rc7 $2 {[%emt 0:00:45] Weighted Error Value: White=1.19/Black=0.08 (flawless)} (22... Rxc2+ {mates} 23. Kxc2 Qxe2+ 24. Nd2 b3+ 25. Kc3 Rxd1 26. Kxb3 Rc1 27. Bc5 Nxc5+ 28. Kb4 Qa6 29. Qxf7+ Kxf7 30. h3 Qa4#) 0-1

[Event "1st FIDE Olympiad DIS 2023"]
[Site "Belgrade"]
[Date "2023.01.30"]
[Round "1.2"]
[White "Nkhupi Robert"]
[Black "Obodchuk, Andrei"]
[Result "0-1"]
[ECO "A34"]
[WhiteElo "1738"]
[BlackElo "2317"]
[Annotator "TA"]
[PlyCount "77"]
[EventDate "2023.01.30"]
[EventType "team-tourn"]
[EventCountry "SRB"]
[SourceTitle "playchess.com"]
[Source "ChessBase"]
[SourceQuality "1"]
[WhiteTeam "Zambia"]
[BlackTeam "FIDE"]
[WhiteTeamCountry "ZAM"]
[TimeControl "40/5400+30:1800+30"]

1. e4 c5 2. c4 Nc6 3. Nf3 Nf6 4. Nc3 d6 5. d3 g6 6. Bg5 {[%emt 0:02:54] A34: Symmetrical English: 2 Nc3, lines with ...d5.} Bg7 7. Be2 h6 8. Bd2 {[%emt 0:01:56] [#] The position is equal.} O-O $146 ({Predecessor:} 8... Nd7 9. Rb1 a6 10. Nd5 e6 11. Nc3 Rb8 12. a3 Nf6 13. b4 b6 14. b5 axb5 15. cxb5 {0-1 Sengbusch,G-Schuett,D Pinneberg-ch op 1997 (2)}) 9. h3 Nd4 10. O-O a6 11. a4 Rb8 12. a5 b5 13. Nxd4 cxd4 14. Nd5 bxc4 {[%emt 0:05:30] White should prevent ...Nxd5.} 15. Nxf6+ exf6 16. dxc4 f5 17. Rb1 $2 {[%emt 0:10:16] [#] Loses the game.} (17. exf5 $11 {and White has nothing to worry.} Bxf5 18. b4) 17... fxe4 $19 18. b4 $2 (18. Qc1) 18... d3 19. Re1 dxe2 20. Rxe2 Be6 21. Qc1 Kh7 22. b5 Rc8 23. Rb4 (23. Rxe4 $142 Bf5 24. Rf4) 23... axb5 24. Rxe4 Bxc4 25. Qa3 d5 26. Re1 Re8 27. Rbb1 Qd7 28. Bb4 Bd4 {[%emt 0:02:01] aiming for ...Re2.} 29. Rbd1 Rxe1+ 30. Rxe1 Re8 31. a6 Rxe1+ 32. Bxe1 Qe6 33. Qa5 {[%emt 0:02:55] [#]} b4 $1 34. Qxb4 Qxa6 {[%emt 0:00:08] Strongly threatening ...Qf6.} 35. Bc3 Bxc3 36. Qxc3 Qe6 {[%emt 0:00:23] And now ...Qe2 would win.} 37. Qd4 Qe4 38. Qc5 Qd3 39. Qe3 {[%emt 0:02:01] Weighted Error Value: White=0.48/Black=0.11 (very precise)} 0-1

[Event "1st FIDE Olympiad DIS 2023"]
[Site "Belgrade"]
[Date "2023.01.30"]
[Round "1.3"]
[White "Dukaczewski, Piotr"]
[Black "Dorner, Matthias"]
[Result "0-1"]
[ECO "A12"]
[WhiteElo "2131"]
[BlackElo "2180"]
[Annotator "TA"]
[PlyCount "96"]
[EventDate "2023.01.30"]
[EventType "team-tourn"]
[EventCountry "SRB"]
[SourceTitle "playchess.com"]
[Source "ChessBase"]
[SourceQuality "1"]
[WhiteTeam "Poland"]
[BlackTeam "Germany"]
[WhiteTeamCountry "POL"]
[BlackTeamCountry "GER"]
[TimeControl "40/5400+30:1800+30"]

1. c4 c6 2. Nf3 d5 3. e3 Nf6 4. b3 Bf5 5. Bb2 e6 6. Be2 Nbd7 7. O-O Be7 {[%emt 0:00:27] A12: English Opening: 1...c6 with b3 by White.} 8. Nh4 Bg6 {[%emt 0:00:23] [#]} 9. g3 $146 ({Predecessor:} 9. Nc3 Qc7 10. h3 a6 11. d4 Ne4 12. Nxg6 Nxc3 13. Bxc3 hxg6 14. Rc1 Nf6 15. Bf3 {1-0 Wehner,R (1989)-Krieger,M (1833) GER-ch Net Amateur Gr-A Vor2 blitz 2020 (9)}) 9... O-O {[%emt 0:02:05] White is slightly better.} 10. Nxg6 hxg6 11. d4 Ne4 12. Nd2 Nxd2 13. Qxd2 Nf6 14. Bf3 a5 15. Qc2 a4 16. bxa4 Qa5 17. Bd1 Ne4 18. c5 Bg5 19. Qd3 ({White should try} 19. Rb1 $16) 19... Rfe8 20. Bb3 Bf6 21. Rac1 (21. Qc2 $16) 21... e5 $14 22. Rfd1 exd4 23. exd4 Re7 24. f3 Ng5 {[%emt 0:02:34] Hoping for ...Rae8.} 25. Bc3 Qa6 (25... Qc7 $11 {remains equal.}) 26. h4 Ne6 (26... Qxd3 $14 27. Rxd3 Ne6) 27. Qd2 $2 (27. Qxa6 $16 {is forced if you want to stay better.} Rxa6 28. Rd3) 27... Rae8 $17 28. Rf1 Qa7 {[%emt 0:03:48] Black is more active.} ({Black should play} 28... g5 $17 29. h5 g4) 29. a5 {[%emt 0:19:40] [#]} (29. Rf2 $15) 29... Nxc5 (29... Qb8 $1 $19 30. f4 Nc7) 30. Rf2 $2 {[%emt 0:08:11] [#]} (30. dxc5 $17 Re2 31. Rce1 Qxc5+ 32. Kh1 Bxc3 33. Rxe2 Bxd2 34. Rxe8+ Kh7 35. Kg2) 30... Ne6 $1 $19 31. Rd1 Nc7 (31... Qb8 $19 {is more deadly.} 32. Rg2 Bxh4) 32. Kg2 {[%emt 0:00:44] [#]} (32. Ba4 $17) 32... Nb5 $1 33. Bb2 Re6 34. Bc2 Nd6 {[%emt 0:03:32] White must now prevent ...Nc4.} 35. Bc3 $2 (35. Bd3 {was worth a try.}) 35... Nc4 36. Qf4 (36. Qc1 $142 Ne3+ 37. Kh2) 36... Ne3+ 37. Kg1 Nxd1 38. Bxd1 Re3 {[%emt 0:03:01][%mdl 64] Deflection} 39. Bd2 Bxd4 40. Kg2 R3e7 41. Rf1 Be3 42. Bxe3 Qxe3 43. Qb4 c5 44. Qb5 Qd2+ 45. Kh3 Re1 {[%emt 0:00:20] ( -> ...R8e3)} 46. Ba4 R8e2 {[%emt 0:00:35] Black mates.} 47. Rxe1 Rxe1 48. f4 f5 {[%emt 0:00:00] Weighted Error Value: White=0.91/Black=0.22 (precise)} 0-1

[Event "1st FIDE Olympiad DIS 2023"]
[Site "Belgrade"]
[Date "2023.01.30"]
[Round "1.3"]
[White "Morales Santos, Natasha"]
[Black "Sauti Harry"]
[Result "1-0"]
[ECO "E90"]
[WhiteElo "1893"]
[BlackElo "1693"]
[Annotator "NA RC COMBH"]
[PlyCount "107"]
[EventDate "2023.01.30"]
[EventType "team-tourn"]
[EventCountry "SRB"]
[SourceTitle "playchess.com"]
[Source "ChessBase"]
[SourceQuality "1"]
[WhiteTeam "FIDE"]
[BlackTeam "Zambia"]
[WhiteTeamCountry "PUR"]
[BlackTeamCountry "ZAM"]
[TimeControl "40/5400+30:1800+30"]

1. d4 Nf6 2. c4 g6 3. Nc3 Bg7 4. e4 d6 5. h3 O-O 6. Be3 c6 7. Nf3 Nbd7 8. Qc2 Ne8 9. Be2 Qc7 10. O-O-O e5 11. dxe5 Nxe5 ({Black should play} 11... dxe5 $14 12. b3 b6) 12. Nxe5 dxe5 13. Bc5 Be6 14. h4 b6 15. Bxf8 Bxf8 16. h5 Bh6+ (16... a6 $142) 17. Kb1 g5 18. Qd3 Nf6 19. Qg3 a6 20. Rd3 (20. Qe3 $18) 20... b5 21. Rf3 (21. c5 $16) 21... Kg7 22. c5 (22. Rxf6 $14 Kxf6 23. Nd1) 22... b4 23. Rxf6 Kxf6 24. Na4 b3 25. axb3 Qa5 26. Qf3+ Kg7 (26... Ke7 $142) 27. Qc3 (27. Rd1 $16) 27... Qxc3 28. Nxc3 ({White should try} 28. bxc3 $14 Bxb3 29. Nb6) 28... Bxb3 29. Bd1 Be6 30. Ba4 Rc8 31. f3 a5 32. g4 Kf6 33. Ne2 Bc4 34. Ng3 Bf8 35. Rc1 Bd3+ 36. Ka2 Bb5 37. Bxb5 cxb5 38. c6 Bd6 39. Nf5 Bc7 40. Rc5 Bb6 41. Rd5 Rxc6 42. Rd6+ Rxd6 43. Nxd6 b4 $2 (43... Bd8 $11) 44. Nc4 Bd8 45. Kb3 Ke6 46. Ka4 f6 47. Nxa5 Be7 48. Nc6 Kd7 49. Nxe7 Kxe7 50. Kxb4 Kd6 51. Kb5 Kc7 52. Kc5 Kd7 53. Kd5 h6 54. b3 1-0

[Event "1st FIDE Olympiad DIS 2023"]
[Site "Belgrade"]
[Date "2023.01.30"]
[Round "1.4"]
[White "Mekus, Manuela"]
[Black "Stachanczyk, Jacek"]
[Result "0-1"]
[ECO "A08"]
[WhiteElo "1624"]
[BlackElo "2189"]
[Annotator "TA"]
[PlyCount "66"]
[EventDate "2023.01.30"]
[EventType "team-tourn"]
[EventCountry "SRB"]
[SourceTitle "playchess.com"]
[Source "ChessBase"]
[SourceQuality "1"]
[WhiteTeam "Germany"]
[BlackTeam "Poland"]
[WhiteTeamCountry "GER"]
[BlackTeamCountry "POL"]
[TimeControl "40/5400+30:1800+30"]

1. Nf3 Nf6 2. g3 g6 3. Bg2 Bg7 4. O-O O-O 5. d3 d5 6. c3 c5 7. Nbd2 Nc6 8. e4 e5 9. Re1 dxe4 {[%emt 0:04:24] A08: King's Indian Attack.} 10. dxe4 Qc7 11. a4 h6 {[%emt 0:03:14] [#] Black has an edge.} 12. h4 $146 ({Predecessor:} 12. Nc4 Be6 13. Qe2 Rfd8 14. Nfd2 Rd7 15. a5 Rad8 16. Bf1 Ne8 17. h4 {1-0 Reyes Larena,J (2436)-Madina Yadarola,M (2276) Madrid-chT 1314 2013 (11.24)}) 12... Be6 13. Qc2 (13. Qe2 $11 {deserves consideration.}) 13... Rfd8 14. Nf1 Na5 15. N3d2 {[%emt 0:16:09] [#]} (15. Be3 $142) 15... c4 $1 $17 16. Ne3 Rd7 17. Ndf1 Rad8 18. Rd1 Rd3 (18... Rxd1 $19 19. Nxd1 Nb3) 19. Bd2 (19. Rxd3 $17 cxd3 20. Qd1) 19... Nb3 $19 20. Rab1 Qa5 (20... Bd7 $19 21. Be1 Bxa4 22. Rxd3 {[%mdl 64] Remove Defender} cxd3) 21. Be1 $17 a6 {[%emt 0:02:06] Black has more active pieces.} 22. Nd5 Nxd5 ({Not} 22... Qxa4 23. Rxd3 cxd3 24. Qxd3 Nxd5 25. Ne3 $15) (22... Rxd1 $142 23. Nxf6+ Bxf6 24. Rxd1 Qxa4) 23. exd5 $2 {[%emt 0:03:29] [#] Now White is beyond hope.} (23. Rxd3 $17 cxd3 24. Qxb3) 23... Bxd5 $19 24. Bxd5 (24. Ne3 Be6 25. Bxb7) 24... Qxd5 {[%emt 0:02:23] Black is clearly winning.} ({Worse is} 24... R8xd5 25. Ne3 Qc5 26. Nxd5 Qxd5 27. Qe2 $17) 25. Ne3 Qe6 {[%emt 0:02:19] Strongly threatening ...h5.} 26. Qe2 h5 27. Nc2 Qd7 28. Ne3 Bh6 29. Rxd3 Qxd3 30. Qd1 Bxe3 31. Qxd3 cxd3 32. fxe3 d2 33. Bxd2 Rxd2 {[%emt 0:00:15] Weighted Error Value: White=0.70/Black=0.24 (precise)} 0-1

[Event "1st FIDE Olympiad DIS 2023"]
[Site "Belgrade"]
[Date "2023.01.30"]
[Round "1.5"]
[White "Orsag, Milan"]
[Black "Ibraimov, Kubanychbek"]
[Result "1-0"]
[ECO "D25"]
[WhiteElo "2308"]
[BlackElo "1316"]
[Annotator "TA"]
[PlyCount "83"]
[EventDate "2023.01.30"]
[EventType "team-tourn"]
[EventCountry "SRB"]
[SourceTitle "playchess.com"]
[Source "ChessBase"]
[SourceQuality "1"]
[WhiteTeam "Czech Republic"]
[BlackTeam "Kyrgyzstan"]
[WhiteTeamCountry "CZE"]
[BlackTeamCountry "KGZ"]
[TimeControl "40/5400+30:1800+30"]

1. d4 d5 2. c4 dxc4 3. Nf3 Bg4 4. e3 e6 5. Bxc4 Nf6 6. Qb3 b6 {[%emt 0:01:05] D25: Queen's Gambit Accepted: 4 e3: sidelines and 4...Bg4.} (6... Bxf3 $11 7. gxf3 Qc8) 7. Ne5 $1 $16 ({Much worse is} 7. h3 $6 Bxf3 8. gxf3 a6 $11) 7... Be7 8. Bb5+ Kf8 {[%emt 0:01:07] [#] White is better.} 9. O-O $146 {[%emt 0:02:14] White has more active pieces.} ({Predecessor:} 9. Nc6 Nxc6 10. Bxc6 Rb8 11. Na3 Qd6 12. Qa4 Qb4+ 13. Qxb4 Bxb4+ 14. Bd2 Bxa3 15. bxa3 {1-0 Vazquez Clerici,C-Litvak,S Mar del Plata op 1992 (7)}) 9... c5 (9... Bh5 $16) 10. Nxg4 $18 Nxg4 11. Be2 h5 12. h3 $1 Qc7 13. f4 (13. hxg4 $18 {has better winning chances.} hxg4 14. f4 (14. g3 Qc6 $16)) 13... Nf6 $16 14. Bf3 Nc6 15. Nc3 (15. dxc5 $16 Bxc5 16. Nc3) 15... Na5 (15... cxd4 $11 {keeps the balance.} 16. Nb5 Qd7) 16. Qc2 $36 {[%emt 0:17:47][%mdl 2048] White is really pushing.} Rc8 17. Qe2 cxd4 {[%emt 0:00:44] [#]} 18. Nb5 Qc4 19. Qxc4 Nxc4 20. Nxa7 Rc7 21. Nb5 Rc5 (21... Rc8 $16 {keeps fighting.}) 22. Nxd4 $18 e5 23. fxe5 Nxe5 24. Be2 g6 25. b3 Kg7 {[%emt 0:00:09] [#]} (25... Rc3 $16 {was called for.} 26. Nb5 (26. Bd2 Rc8 $16) 26... Rc2) 26. Bb2 $1 Rd8 27. Rad1 Ne4 $2 (27... Rcd5 28. Rc1 Bc5) 28. Nf3 f6 29. Nxe5 fxe5 30. Rxd8 Bxd8 31. b4 (31. Bd3 $18 Nd6 32. e4) 31... Rc2 $16 32. Bxe5+ Nf6 $2 {[%emt 0:00:07] Loses the game.} (32... Bf6 $16) 33. Bf3 $18 Rxa2 34. Rd1 Be7 35. Rd7 Kf7 36. Rb7 {[%emt 0:00:08] Threatens to win with Bd6.} Ra3 37. Bd4 {[%emt 0:00:39] A strong pair of Bishops.} ({Weaker is} 37. Rxb6 Rxe3 38. Bd4 Rd3 $16) 37... Kf8 $2 (37... Rb3 {is tougher.} 38. Bxb6 Ke6) 38. Rxb6 {[%emt 0:00:57] White is clearly winning.} Rb3 39. Bxf6 Bxb4 40. Bd5 Rb1+ 41. Kh2 Ke8 42. Be6 {[%emt 0:00:48] Weighted Error Value: White=0.14 (very precise) /Black=0.43} 1-0

[Event "1st FIDE Olympiad DIS 2023"]
[Site "Belgrade"]
[Date "2023.01.30"]
[Round "1.5"]
[White "Rivas Cabrera, Edgar"]
[Black "Gruenfeld, Yehuda"]
[Result "1/2-1/2"]
[ECO "E63"]
[WhiteElo "1987"]
[BlackElo "2414"]
[Annotator "TA"]
[PlyCount "127"]
[EventDate "2023.01.30"]
[EventType "team-tourn"]
[EventCountry "SRB"]
[SourceTitle "playchess.com"]
[Source "ChessBase"]
[SourceQuality "1"]
[WhiteTeam "Venezuela"]
[BlackTeam "Israel"]
[WhiteTeamCountry "VEN"]
[BlackTeamCountry "ISR"]
[TimeControl "40/5400+30:1800+30"]

1. c4 Nf6 2. Nc3 g6 3. Nf3 Bg7 4. g3 O-O 5. Bg2 d6 6. d4 Nc6 7. O-O a6 8. h3 Rb8 9. e4 e5 10. d5 Na5 {[%emt 0:22:46] E63: King's Indian: Fianchetto: Panno Variation with 7...a6.} 11. Qd3 {[%emt 0:22:00] [#] Black must now prevent b4.} c5 12. dxc6 {[%emt 0:14:14] [#]} Nxc6 $146 {[%emt 0:00:00][%cal Ob7b5] White is slightly better.} ({Predecessor:} 12... bxc6 13. b3 Qc7 14. Rd1 Nb7 15. Be3 Be6 16. Rac1 Rbd8 17. Ng5 Bc8 18. Nf3 h6 {1-0 De Boer,B (2145)-Treybal,D (1996) Skalica Masters op 2020 (2)}) 13. Rd1 Be6 14. Bg5 h6 15. Bxf6 Bxf6 16. Nd5 Bg7 17. a3 Re8 18. Rac1 Rc8 19. Qb3 Na5 20. Qd3 Kh7 21. Nh4 (21. b4 $5 Nc6 $8 22. Ne3 $11) 21... Nc6 22. Kh2 Nd4 23. Nf3 Bd7 24. Nxd4 exd4 25. Bf1 Bc6 26. Bg2 Kg8 27. Kg1 Rb8 28. Nb4 Qb6 29. Rc2 a5 30. Nd5 Qd8 31. b3 Rc8 32. Rdc1 b6 33. Bf3 h5 34. Kg2 Bxd5 35. exd5 h4 {[%emt 0:00:05] ...hxg3 would be deadly.} 36. g4 Qg5 37. Rd1 (37. a4 $11) 37... Rc7 (37... Qf4 $15) 38. Re2 $11 Rxe2 39. Bxe2 Re7 40. Qd2 Qxd2 41. Rxd2 {[%emt 0:30:07][%mdl 4096] Endgame KRB-KRB} Bh6 42. Rc2 Kg7 43. Kf1 f5 44. gxf5 gxf5 45. Ra2 Bc1 46. a4 Kf6 47. Ra1 Bd2 48. Rd1 Bc3 49. Rd3 Re4 50. Rf3 Kg5 51. Rd3 $1 Re7 52. Rf3 Re8 53. Rd3 $1 Re5 54. Rf3 Re7 55. Rd3 $1 Kf4 56. Rf3+ (56. Rd1 $11 {remains equal.}) 56... Ke4 $17 57. Rd3 Rg7 (57... f4 $17) 58. Rf3 (58. Rd1 $11) 58... Bd2 (58... Bb4 $17) 59. Rd3 $11 {[%emt 0:02:58] The position is equal.} Bf4 {[%emt 0:00:00] Strongly threatening ...Bh2.} 60. Rd1 Bh2 61. Bd3+ Kf3 62. Be2+ $1 {[%emt 0:00:10][%mdl 64] [#] Discovered Attack} Kf4 (62... Ke4 $5 63. Bd3+ $8 Kf3 64. Be2+ {[%mdl 64] Discovered Attack} Ke4 $11) 63. Bd3 $1 (63. Rxd4+ $2 {perishes.} Ke5 $19) 63... Kg5 64. Kg2 {[%emt 0:01:09] Weighted Error Value: White=0.12 (very precise) /Black=0.12 (very precise)} 1/2-1/2